 Dungeon Crawl Stone Soup version 0.28.0-45-g0d030f2227 (webtiles) character file.

Game seed: 15297320430329642476

374 101zpm the Magician (level 7, -8/46 HPs)
             Began as a Djinni Ice Elementalist on Apr 11, 2022.
             Was an Initiate of Nemelex Xobeh.
             Mangled by a shadow (34 damage)
             ... on level 5 of the Dungeon.
             The game lasted 00:19:20 (7039 turns).

101zpm the Magician (Djinni Ice Elementalist)       Turns: 7039, Time: 00:19:22

Health: -8/46      AC:  3    Str:  7    XL:     7   Next: 3%
Gold:   160        EV: 13    Int: 18    God:    Nemelex Xobeh [......] SH:  0 Dex: 14

rFire   + + .      SeeInvis .   q - +2 war axe (venom)
rCold   x . .      Faith    .   (no shield)
rNeg    . . .      Spirit   +   a - +0 robe
rPois   ∞          Reflect  .   (no helmet)
rElec   .          Harm     .   (no cloak)
rCorr   .          Rampage  .   n - +0 pair of gloves
Will    +....                   (boots unavailable)
Stlth   ++........              g - amulet of guardian spirit
HPRegen 0.15/turn               o - ring of willpower
MPRegen 0.00/turn               (no ring)

@: swift, freezing walls, flying, quick
A: sickness immunity, fire resistance 2, cold vulnerability 1, float, innate
caster, HP casting, extra vitality 1
a: Renounce Religion, Draw Escape, Draw Destruction, Draw Summoning


You were on level 5 of the Dungeon.
You worshipped Nemelex Xobeh.
Nemelex Xobeh was noncommittal.
You visited 1 branch of the dungeon, and saw 5 of its levels.

You collected 160 gold pieces.

Inventory:

Hand Weapons
 q - a +2 war axe of venom (weapon)
Missiles
 l - 12 poisoned darts
Armour
 a - a +0 robe (worn)
 n - a +0 pair of gloves (worn)
 r - a +2 chain mail of willpower
Jewellery
 g - an amulet of guardian spirit (around neck)
 o - a ring of willpower (left hand)
Wands
 h - a wand of iceblast (11)
 k - a wand of flame (14)
Scrolls
 b - a scroll of noise {unknown}
 e - 2 scrolls of amnesia {unknown}
 j - a scroll of acquirement {unknown}
 m - 2 scrolls of teleportation {unknown}
Potions
 c - a potion of might {unknown}
 d - 2 potions of curing {unknown}
 f - a potion of flight {unknown}
 i - a potion of attraction {unknown}
 p - a potion of heal wounds {unknown}


   Skills:
 + Level 0.9 Fighting
 + Level 2.9 Dodging
 + Level 2.1 Stealth
 + Level 1.2 Unarmed Combat
 + Level 5.5 Spellcasting


You couldn't memorise any spells.
You knew the following spells:

 Your Spells              Type           Power      Damage    Failure   Level
a - Freeze                Ice            100%       1d11      1%          1
b - Frozen Ramparts       Ice            50%        1d7       3%          3
c - Ozocubu's Armour      Ice            25%        N/A       3%          3
d - Hailstorm             Conj/Ice       25%        3d7       13%         4
e - Summon Small Mammal   Summ           100%       N/A       1%          1
f - Static Discharge      Conj/Air       25%        N/A       1%          2
g - Swiftness             Air            25%        N/A       3%          3
Your spell library was empty.

Dungeon Overview and Level Annotations

Branches:
Dungeon (5/15)
 Temple: D:4-7

Altars:
Cheibriados
Fedhas
Kikubaaqudgha
Nemelex Xobeh
Vehumet
Xom
The Shining One

Shops:
D:1 [


Innate Abilities, Weirdness & Mutations

You are immune to sickness and miasma.
You are immune to poison.
Your flesh is very heat resistant. (rF++)
You are vulnerable to cold. (rC-)
You float through the air rather than walking.
You learn spells naturally, not from books.
Your magical power is your life essence.
You have superior vitality. (+4 MHP)


Message History

You freeze the shadow but do no damage.
The shadow completely resists.
The frozen ramparts melt away.
Your quokka barely misses the shadow.
Your quokka closely misses the shadow.
The shadow completely misses you.
Casting: Freeze (safe; 1% risk of failure)
Confirm with . or Enter, or press ? or * to list all spells.
Casting: Frozen Ramparts (dangerous; 3% risk of failure)
Press: ? - help, Dir - look around, f - activate The walls around you are covered in ice.
Your quokka bites the shadow.
Your quokka bites the shadow but does no damage.
The shadow completely resists.
The wall freezes the shadow but does no damage.
The shadow hits your quokka!
Your quokka dies!
Your quokka's corpse disappears in a puff of smoke!
Your quokka barely misses the shadow.
Casting: Frozen Ramparts (dangerous; 3% risk of failure)
Confirm with . or Enter, or press ? or * to list all spells.
The shadow completely resists.
The wall freezes the shadow but does no damage.
The shadow slips into darkness.
The shadow flickers and vanishes!
Deactivating autopickup; reactivate with Ctrl-A.
What are your orders? t - Shout!
Orders for allies: a - Attack new target. r - Retreat! s - Stop attacking. g - Guard the area. f - Follow me.
Anything else - Cancel.
Gang up on whom?
Press: ? - help, Dir - move target There's nothing there!
Aiming: Freeze (safe; 1% risk of failure)
Press: ? - help, Q - select action, (/) - cycle Shift-Dir - straight line You freeze something but do no damage.
The wall freezes something but does no damage.
The shadow strikes at you from the darkness!
Ouch! That really hurt!
You die...
Your body disappears without a glow.

#########
#........#.#
######'####...#.#
#...............#
#.............###
#.......<....## #
#.......####..# ...
#.......+
.....#.r.r..)####..#
......{@.....[.....#
......########......#
..... ......# ....
......# ... ...)...
.. .....#. . .....#
######


You could see a friendly quokka (summoned) and a friendly rat (summoned).

Vanquished Creatures
  A sky beast (D:5)
  A scorpion (D:4)
  An orc priest (D:5)
  2 iguanas (D:5)
  5 adders
  An ufetubus (D:4)
  An adder skeleton (D:4)
  3 worms (D:2)
  3 dart slugs
  10 orcs
  2 bats
  6 endoplasms
  A giant cockroach (D:4)
  A goblin (D:3)
  5 hobgoblins
  5 jackals
  A quokka (D:3)
  7 ball pythons
  3 frilled lizards
  5 kobolds
  5 rats
69 creatures vanquished.

Vanquished Creatures (collateral kills)
  A quokka (D:3)
  A ball python (D:3)
  A kobold (D:4)
3 creatures vanquished.

Grand Total: 72 creatures vanquished

Notes
Turn   | Place    | Note
-------+----------+-------------------------------------------
     0 | D:1      | 101zpm the Djinni Ice Elementalist began the quest for the
                  | Orb.
     0 | D:1      | Reached XP level 1. HP: 15/15 MP: 0/0
   300 | D:1      | Reached XP level 2. HP: 21/21 MP: 0/0
   504 | D:1      | Found Ydgho's Armour Shop.
   569 | D:1      | Found a faded altar of an unknown god.
   578 | D:1      | You are sucked into a shaft and drop 1 floor!
   587 | D:2      | Reached XP level 3. HP: 15/25 MP: 0/0
   587 | D:2      | Learned a level 1 spell: Summon Small Mammal
   922 | D:2      | Reached skill level 4 in Spellcasting
  1849 | D:3      | Reached XP level 4. HP: 27/31 MP: 0/0
  3821 | D:4      | Reached XP level 5. HP: 31/36 MP: 0/0
  3821 | D:4      | Learned a level 2 spell: Static Discharge
  4584 | D:4      | Reached skill level 1 in Unarmed Combat
  4584 | D:4      | Reached XP level 6. HP: 35/41 MP: 0/0
  5223 | D:4      | Found a shimmering altar of Xom.
  5226 | D:4      | Found a sparkling altar of Nemelex Xobeh.
  5227 | D:4      | Found a snail-covered altar of Cheibriados.
  5227 | D:4      | Found a blossoming altar of Fedhas.
  5227 | D:4      | Found a glowing golden altar of the Shining One.
  5450 | D:4      | Became a worshipper of Nemelex Xobeh the Trickster
  5474 | D:5      | Entered Level 5 of the Dungeon
  5489 | D:5      | Reached skill level 5 in Spellcasting
  5632 | D:5      | Noticed a sky beast
  5639 | D:5      | Killed a sky beast
  5946 | D:5      | HP: 1/41 [/static electricity (2)]
  6686 | D:5      | Noticed a shadow
  6701 | D:5      | Reached XP level 7. HP: 17/46 MP: 0/0
  6701 | D:5      | Learned a level 3 spell: Swiftness
  7039 | D:5      | Mangled by a shadow

Illustrated notes

Levels and vault maps discovered:
D:1:      minmay_arrival_radiant_lines, layout_basic, serial_shops,
          nicolae_square_shop, ebering_ecumenical_altar_box,
          chequers_serial_rivers_large_a, corexii_corridor_pit,
          solitary_fountain
D:2:      layout_rooms
D:3:      layout_loops_ring, nicolae_overflow_hidden_temple
D:4:      layout_basic, grunt_temple_overflow_open
D:5:      layout_basic

Skill      XL: |  1  2  3  4  5  6 |
---------------+-------------------+-----
Spellcasting   | 4 5 |  5.5
Stealth        | 2 |  2.1
Unarmed Combat | 1 |  1.2
Fighting       | |  0.9
Dodging        | |  2.9

Action                   |  1- 3 |  4- 6 |  7- 9 || total
-------------------------+-------+-------+-------++-------
Melee: Unarmed           |    49 |    30 |       ||    79
       Punch             |       |     1 |       ||     1
 Cast: Freeze            |    35 |    46 |     4 ||    85
       Frozen Ramparts   |     4 |    28 |     2 ||    34
       Summon Small Mamm |       |    23 |     4 ||    27
       Ozocubu's Armour  |       |     1 |       ||     1
       Static Discharge  |       |     1 |       ||     1
       Swiftness         |       |       |     2 ||     2
 Stab: Sleeping          |     1 |       |       ||     1
Armor: Robe              |    18 |    13 |       ||    31
       Skin              |       |     1 |       ||     1
Dodge: Dodged            |    50 |    41 |     2 ||    93
